 Dungeon Crawl Stone Soup version 0.28-a0-1613-gdaab1c2f9b (webtiles) character file.

Game seed: 16111682589770133880

7385 mcsnuffy the Fighter (level 10, -1/82 HPs)
             Began as a Demonspawn Gladiator on Jan 21, 2022.
             Killed by the air
             ... invoked by Gastronok
              (28 damage)
             ... on level 10 of the Dungeon.
             The game lasted 00:32:16 (11020 turns).

mcsnuffy the Fighter (Demonspawn Gladiator)        Turns: 11020, Time: 00:32:17

Health: -1/82      AC: 15    Str: 18    XL:     10   Next: 92%
Magic:  10/10      EV:  9    Int: 11    God:
Gold:   420        SH: 10    Dex: 22    Spells: 9/9 levels left

rFire   + . .      SeeInvis .   a - +0 rapier
rCold   . . .      Faith    .   A - +0 kite shield
rNeg    . . .      Spirit   .   d - +2 chain mail {rF+}
rPois   .          Reflect  .   q - +0 helmet
rElec   .          Harm     .   F - +0 cloak
rCorr   .          Rampage  .   (no gloves)
Will    .....                   (no boots)
Stlth   ..........              (no amulet)
HPRegen 0.23/turn               Y - +4 ring of slaying
MPRegen 0.12/turn               D - +6 ring of dexterity

@: no status effects
A: hooves 2, thin skeletal structure 1, foul stench 2, demonic magic 1
a: no special abilities


You were on level 10 of the Dungeon.
You visited 1 branch of the dungeon, and saw 10 of its levels.

You collected 420 gold pieces.


Innate Abilities, Weirdness & Mutations

You have hoof-like feet.
You have a somewhat thin skeletal structure. (Dex +2, Stealth+)
You sometimes emit foul miasma when damaged in melee.
Spells you cast may paralyse adjacent enemies.


   Skills:
 + Level 8.7 Fighting
 - Level 7.0 Short Blades
 - Level 1.7 Throwing
 - Level 8.0 Armour
 - Level 6.0 Dodging
 - Level 2.0 Stealth
 + Level 2.8 Shields
 - Level 6.0 Evocations


You had 9 spell levels left.
You didn't know any spells.
Your spell library contained the following spells:

 Spells                   Type           Power      Damage    Failure   Level
 Freeze                   Ice            0%         1d3       100%        1
 Frozen Ramparts          Ice            0%         1d2       100%        3
 Inner Flame              Hex/Fire       0%         N/A       100%        3
 Cause Fear               Hex            0%         N/A       100%        4
 Hailstorm                Conj/Ice       0%         3d3       100%        4
 Conjure Ball Lightning   Conj/Air       0%         3x3d6     100%        6
 Discord                  Hex            0%         N/A       100%        8
 Disjunction              Tloc           0%         N/A       100%        8

Inventory:

Hand Weapons
 a - a +0 rapier (weapon)
 o - a +0 lajatang
Armour
 d - a +2 chain mail of fire resistance (worn)
 q - a +0 helmet (worn)
 A - a +0 kite shield (worn)
 F - a +0 cloak (worn)
Magical Staves
 z - a staff of conjuration {!a}
Jewellery
 c - a ring of protection from cold
 m - a ring of magical power
 C - a ring of ice
 D - a +6 ring of dexterity (right hand)
 E - a ring of ice
 I - a +6 ring of intelligence
 M - a ring of magical power
 N - a ring of positive energy
 Y - a +4 ring of slaying (left hand)
 Z - a ring of wizardry
Wands
 b - a wand of flame (12) (quivered)
 y - a wand of paralysis (12)
 K - a wand of iceblast (6)
Scrolls
 e - 3 scrolls of enchant armour
 f - 5 scrolls of teleportation {@r2}
 g - 5 scrolls of vulnerability
 h - 3 scrolls of torment
 i - 5 scrolls of blinking
 n - 3 scrolls of immolation {unknown}
 p - a scroll of summoning {unknown}
 s - 2 scrolls of magic mapping {unknown}
 t - 3 scrolls of fear {unknown}
 u - 2 scrolls of fog {unknown}
 v - 2 scrolls of amnesia {unknown}
 G - a scroll of enchant weapon {unknown}
 H - a scroll of noise {unknown}
Potions
 j - a potion of resistance
 k - a potion of curing {@q1}
 l - a potion of flight
 r - 3 potions of attraction
 w - a potion of brilliance {unknown}
 B - a potion of might {unknown}
 J - a potion of lignification {unknown}

Dungeon Overview and Level Annotations

Branches:
Dungeon (10/15)            Temple (0/1) D:5            Lair (0/6) D:8
    Orc (0/2) D:9

Altars:
Cheibriados
Dithmenos
Elyvilon
Fedhas
Hepliaklqana
Kikubaaqudgha
Makhleb
Nemelex Xobeh
Uskayaw
Wu Jian
Xom
The Shining One
Beogh

Annotations:
D:6 3 runed translucent doors, scisormetimb3rs's ghost, novice TrFi
D:10 1 runed translucent door, Gastronok; lonewolfV2's ghost, novice MiFi

#.........
#......w..
#.>.......
#...=/....
#.........
#.Z.....O.
#†#
#.#####
#wbZ@.+
#.#####
#.# #.#
#.# #.#
#.# #.#
#.#


You could see Gastronok (swift), a centaur warrior zombie and a bat (summoned).


Message History

The centaur warrior zombie is severely damaged.
The centaur warrior zombie barely misses you.
The centaur warrior zombie kicks you but does no damage.
You hit the centaur warrior zombie but do no damage.
The centaur warrior zombie is severely damaged.
You block the centaur warrior zombie's attack.
The centaur warrior zombie kicks you.
* * * LOW HITPOINT WARNING * * *
You barely miss the centaur warrior zombie.
You kick the centaur warrior zombie.
The centaur warrior zombie is almost destroyed.
The centaur warrior zombie hits you.
* * * LOW HITPOINT WARNING * * *
The centaur warrior zombie barely misses you.
You block the centaur warrior zombie's attack.
The centaur warrior zombie closely misses you.
Gastronok waves his eye-stalks in wide circles.
The air twists around and strikes you!!
* * * LOW HITPOINT WARNING * * *
You barely miss the centaur warrior zombie.
You kick the centaur warrior zombie.
The centaur warrior zombie is almost destroyed.
The centaur warrior zombie hits you but does no damage.
You block the centaur warrior zombie's attack.
You feel much better. The centaur warrior zombie hits you!
* * * LOW HITPOINT WARNING * * *
The centaur warrior zombie kicks you but does no damage.
Gastronok waves his eye-stalks in wide circles.
The air twists around and strikes you!!
You die...

Skill      XL: |  1  2  3  4  5  6  7  8  9 10 |
---------------+-------------------------------+-----
Short Blades   | 3 4 5 7 |  7.0
Stealth        | 2 |  2.0
Fighting       | 3 4 5 7 8 |  8.7
Evocations     | 2 4 6 |  6.0
Armour         | 2 4 6 8 |  8.0
Dodging        | 4 5 6 |  6.0
Shields        | 2 |  2.8
Throwing       | |  1.7

Action                   |  1- 3 |  4- 6 |  7- 9 | 10-12 || total
-------------------------+-------+-------+-------+-------++-------
Melee: Rapier            |   116 |   173 |   221 |   203 ||   713
       Kick              |    14 |    55 |    72 |    72 ||   213
       Punch             |       |     1 |     4 |       ||     5
Throw: Throwing net      |     2 |     4 |       |       ||     6
Evoke: Wand              |       |       |    23 |    11 ||    34
  Use: Scroll            |       |     3 |     1 |     5 ||     9
       Potion            |       |       |       |     4 ||     4
 Stab: Held in net/web   |     1 |     1 |       |       ||     2
       Sleeping          |     1 |       |       |       ||     1
Armor: Leather armour    |    41 |       |       |       ||    41
       Chain mail        |       |    84 |    82 |   122 ||   288
Dodge: Dodged            |    63 |    52 |    94 |    94 ||   303
Block: Kite shield       |       |       |       |    32 ||    32

Levels and vault maps discovered:
D:1:      grunt_arrival_crossed_arrows, layout_rooms,
          shapermc_ecumenical_altar_notcrosses, supply_closet_lemuel,
          minmay_stone_trees_medium
D:2:      kb_forest_paths, layout_basic, minmay_close_crescents, uniq_terence
D:3:      layout_loops_cross
D:4:      layout_loops_cross, minmay_misc_feat_rows, saegor_snake_ambush
D:5:      layout_cave_pools, minmay_temple_entry_steel_oval, nrook_campfire,
          corexii_checkpoint_b, uniq_grinder, uniq_blork_the_orc, uniq_ijyb,
          uniq_duvessa, uniq_pikel
D:6:      layout_cave_pods, biasface_ghost_orc_armoury, minmay_pentangle,
          uniq_maggie, uniq_eustachio
D:7:      layout_loops_ring, kennysheep_dice
D:8:      layout_cave_pools, grunt_lair_entry_orc_guard_hut
D:9:      layout_roguey, minitemple, david_orc_3, kennysheep_doodads
D:10:     layout_basic, mainiacjoe_overflow_surrounded_room, ebering_ghost_xom,
          centaur_isle, uniq_erica, uniq_nergalle, uniq_gastronok

Notes
Turn   | Place    | Note
-------+----------+-------------------------------------------
     0 | D:1      | mcsnuffy the Demonspawn Gladiator began the quest for the
                  | Orb.
     0 | D:1      | Reached XP level 1. HP: 16/16 MP: 1/1
    79 | D:1      | Reached skill level 3 in Short Blades
   169 | D:1      | HP: 1/16 [frozen (5)]
   331 | D:1      | Gained mutation: You have large cloven feet. [demonic
                  | ancestry]
   331 | D:1      | Reached XP level 2. HP: 13/22 MP: 2/2
   494 | D:1      | Found a faded altar of an unknown god.
  1405 | D:2      | Reached XP level 3. HP: 22/27 MP: 3/3
  1536 | D:2      | Reached skill level 4 in Short Blades
  1654 | D:2      | Reached skill level 1 in Stealth
  1906 | D:2      | Reached skill level 2 in Stealth
  1906 | D:2      | Gained mutation: You have hoof-like feet. [demonic
                  | ancestry]
  1906 | D:2      | Reached XP level 4. HP: 25/34 MP: 4/4
  1990 | D:2      | Noticed Terence
  2010 | D:2      | Killed Terence
  2011 | D:2      | Reached skill level 3 in Fighting
  2789 | D:3      | Gained mutation: You may rarely emit foul miasma when
                  | damaged in melee. [demonic ancestry]
  2789 | D:3      | Reached XP level 5. HP: 34/41 MP: 5/5
  2928 | D:3      | Identified a potion of resistance
  3040 | D:3      | Reached skill level 1 in Evocations
  3607 | D:4      | Reached skill level 4 in Fighting
  3607 | D:4      | Reached skill level 2 in Evocations
  3742 | D:4      | Gained mutation: You sometimes emit foul miasma when
                  | damaged in melee. [demonic ancestry]
  3742 | D:4      | Reached XP level 6. HP: 48/48 MP: 6/6
  3770 | D:4      | Reached skill level 3 in Evocations
  4124 | D:4      | Reached skill level 1 in Armour
  4647 | D:5      | Entered Level 5 of the Dungeon
  4656 | D:5      | Noticed Blork the orc
  4668 | D:5      | Killed Blork the orc
  4669 | D:5      | Reached skill level 2 in Armour
  4669 | D:5      | Reached skill level 4 in Evocations
  4720 | D:5      | Gained mutation: Spells you cast may paralyse adjacent
                  | enemies. [demonic ancestry]
  4720 | D:5      | Reached XP level 7. HP: 47/54 MP: 7/7
  4778 | D:5      | Found a staircase to the Ecumenical Temple.
  4813 | D:5      | Noticed Pikel
  4844 | D:5      | Reached skill level 3 in Armour
  4870 | D:5      | Killed Pikel
  4871 | D:5      | Reached skill level 4 in Armour
  4871 | D:5      | Reached skill level 4 in Dodging
  4871 | D:5      | Reached XP level 8. HP: 18/60 MP: 8/8
  5091 | D:5      | Noticed Dowan
  5091 | D:5      | Noticed Duvessa
  5103 | D:5      | Killed Dowan
  5104 | D:5      | Reached skill level 5 in Short Blades
  5109 | D:4      | Killed Duvessa
  5146 | D:5      | Reached skill level 5 in Fighting
  5290 | D:5      | Noticed Grinder
  5299 | D:5      | Killed Grinder
  5300 | D:5      | Reached skill level 5 in Armour
  5367 | D:5      | Reached skill level 6 in Armour
  5541 | D:5      | Noticed Ijyb
  5548 | D:5      | Killed Ijyb
  5595 | D:5      | Reached skill level 5 in Dodging
  5839 | D:6      | Gained mutation: You have a somewhat thin skeletal
                  | structure. (Dex +2, Stealth+) [demonic ancestry]
  5839 | D:6      | Reached XP level 9. HP: 63/68 MP: 9/9
  5919 | D:6      | Noticed Maggie
  5927 | D:6      | Killed Maggie
  5928 | D:6      | Reached skill level 6 in Dodging
  5948 | D:6      | Found a runed translucent gate.
  5948 | D:6      | Found a runed translucent gate.
  5949 | D:6      | Found a runed translucent gate.
  5950 | D:6      | Noticed scisormetimb3rs's ghost (novice TrFi)
  6342 | D:6      | Noticed Eustachio
  6353 | D:6      | Killed Eustachio
  6465 | D:6      | Reached skill level 7 in Armour
  6619 | D:6      | Identified the +4 plate armour "Midul" {rPois rF+++ Str-3
                  | Int-3}
  7073 | D:7      | Reached skill level 8 in Armour
  7443 | D:7      | Reached skill level 6 in Fighting
  7908 | D:7      | Reached skill level 7 in Fighting
  8146 | D:8      | Noticed a komodo dragon
  8158 | D:8      | Killed a komodo dragon
  8159 | D:8      | Reached XP level 10. HP: 64/79 MP: 10/10
  8169 | D:8      | Reached skill level 6 in Short Blades
  8680 | D:8      | Reached skill level 7 in Short Blades
  8806 | D:8      | Found a staircase to the Lair.
  9641 | D:9      | Reached skill level 5 in Evocations
  9737 | D:9      | Found a staircase to the Orcish Mines.
 10068 | D:9      | Found an ornate altar of the Wu Jian Council.
 10080 | D:9      | Found a hide-covered altar of Uskayaw.
 10088 | D:9      | Found a snail-covered altar of Cheibriados.
 10088 | D:9      | Found a shimmering altar of Xom.
 10088 | D:9      | Found a hazy altar of Hepliaklqana.
 10090 | D:9      | Found a sparkling altar of Nemelex Xobeh.
 10091 | D:9      | Found a shadowy altar of Dithmenos.
 10092 | D:9      | Found a blossoming altar of Fedhas.
 10093 | D:9      | Found an ancient bone altar of Kikubaaqudgha.
 10094 | D:9      | Found a burning altar of Makhleb.
 10273 | D:10     | Entered Level 10 of the Dungeon
 10273 | D:10     | Noticed lonewolfV2's ghost (novice MiFi)
 10273 | D:10     | Found a runed translucent door.
 10273 | D:10     | Found a shimmering altar of Xom.
 10274 | D:10     | Noticed a +1 flail of chaos
 10516 | D:10     | Reached skill level 8 in Fighting
 10516 | D:10     | Reached skill level 1 in Shields
 10794 | D:10     | Noticed Nergalle
 10801 | D:10     | Killed Nergalle
 10802 | D:10     | Reached skill level 2 in Shields
 10802 | D:10     | Reached skill level 6 in Evocations
 10970 | D:10     | Noticed Gastronok
 10970 | D:10     | Noticed a two-headed ogre
 11018 | D:10     | HP: 6/82 [Gastronok/the air (25)]
 11020 | D:10     | Killed from afar by Gastronok

Vanquished Creatures
  Nergalle (D:10)
  Pikel (D:5)
  Maggie (D:6)
  An unseen horror (D:10)
  A komodo dragon (D:8)
  Grinder (D:5)
  A slime creature (D:7)
  A vampire (D:10)
  A wraith (D:9)
  3 wyverns (D:9)
  A yak (D:8)
  Eustachio (D:6)
  3 vampire mosquitoes (D:10)
  2 steam dragons
  A warg (D:9)
  An acid dragon (D:10)
  2 water moccasins
  Duvessa (D:4)
  2 orc warriors
  3 ice beasts
  A necrophage (D:5)
  2 black bears (D:8)
  An ogre (D:7)
  2 centaurs
  A phantom (D:6)
  2 lemures (D:5)
  Blork the orc (D:5)
  2 kobold brigands
  A bullfrog (D:6)
  4 scorpions
  Dowan (D:5)
  2 water moccasin skeletons
  A wight (D:6)
  An electric eel (D:9)
  2 howler monkeys (D:7)
  2 centaur zombies (D:8)
  3 orc priests
  6 hounds
  A jelly (D:6)
  2 bullfrog skeletons
  A gnoll shaman (D:8)
  A centaur skeleton (D:6)
  Terence (D:2)
  4 iguanas
  7 orc wizards
  Ijyb (D:5)
  9 gnolls
  10 adders
  5 white imps
  3 ufetubi
  An adder skeleton (D:4)
  3 dart slugs
  26 orcs
  7 bats
  7 endoplasms
  6 giant cockroaches
  11 goblins
  8 hobgoblins
  16 kobolds
  3 quokkas
  10 ball pythons
  6 frilled lizards
  6 rats
219 creatures vanquished.

Vanquished Creatures (others)
  5 fungi (D:8)
  5 plants
10 creatures vanquished.

Grand Total: 229 creatures vanquished

Table legend: (Time is in decaauts)
 A = Elapsed time spent in this place.
 B = Non-inter-level travel time spent in this place.
 C = Inter-level travel time spent in this place.
 D = Time resting spent in this place.
 E = Time spent auto-exploring this place.
 F = Levels seen in this place.
 G = Mean time per level.
                   A        B        C        D        E       F      G
               +--------+--------+--------+--------+--------+-----+--------+
         Total |  11031 |  10777 |    254 |   1123 |   7549 |  10 | 1103.1 |
       Dungeon |  11031 |  10777 |    254 |   1123 |   7549 |  10 | 1103.1 |
               +--------+--------+--------+--------+--------+-----+--------+

Top non-repeatable levels by time:
     D:2: 1716 daAuts
     D:4: 1278 daAuts
     D:9: 1275 daAuts
     D:6: 1193 daAuts
     D:5: 1167 daAuts
     D:7: 1109 daAuts
     D:1: 992 daAuts
     D:8: 850 daAuts
    D:10: 748 daAuts
     D:3: 697 daAuts

Table legend:
 A = Non-vault XP
 B = Vault XP
 C = Vault XP percentage of total XP
 D = Non-vault monster count
 E = Vault monster count
 F = Vault count percentage of total count
                 A         B        C        D         E       F
            +---------+---------+-------+---------+---------+-------
      Total |    5912 |    4638 |  44.0 |     170 |      47 |  21.7
            +---------+---------+-------+---------+---------+-------
        D:1 |      23 |       0 |   0.0 |      15 |       0 |   0.0
        D:2 |     114 |      51 |  30.9 |      29 |      10 |  25.6
        D:3 |      68 |       0 |   0.0 |      17 |       0 |   0.0
        D:4 |     330 |     176 |  34.8 |      23 |       3 |  11.5
        D:5 |     857 |    1088 |  55.9 |      18 |       7 |  28.0
        D:6 |     508 |     943 |  65.0 |      13 |      11 |  45.8
        D:7 |     910 |     401 |  30.6 |      16 |       3 |  15.8
        D:8 |     516 |     945 |  64.7 |      18 |       5 |  21.7
        D:9 |    1273 |     253 |  16.6 |      15 |       7 |  31.8
       D:10 |    1313 |     781 |  37.3 |       6 |       1 |  14.3
            +---------+---------+-------+---------+---------+-------
